 Dungeon Crawl Stone Soup version 0.14-a0-1097-gc7db7fc (webtiles) character file.

137103 nOtime the Phalangite (level 16, -11/140 (147) HPs)
             Began as a Minotaur Fighter on Nov 28, 2013.
             Was the Champion of Okawaru.
             Mangled by a reaper
             ... wielding a +0,+0 scythe of dragon slaying
              (29 damage)
             ... in the Vestibule of Hell.
             The game lasted 03:25:33 (27278 turns).

nOtime the Phalangite (Minotaur Fighter)           Turns: 27278, Time: 03:25:35

HP -11/140 (147) AC 31     Str 26      XL: 16   Next: 65%
MP  10/10        EV  9     Int  8      God: Okawaru [******]
Gold 1173        SH  0     Dex 12      Spells:  0 memorised, 15 levels left

rFire  . . .     SeeInvis .     n - +5,+8 halberd "Throfygg" {venom, +Rage rN+}
rCold  . . .     Clarity  .     M - +7 plate armour of Etuat {Dex-3}
rNeg   + . .     Conserve .     (no shield)
rPois  .         rCorr    .     o - +2 wizard hat {Int+3}
rElec  .         rRot     .     b - +0 cloak of Follow the Leader {Str+3 Acc+6}
SustAb . .       Spirit   .     T - +0 pair of gloves
rMut   .         Warding  .     J - +2 pair of orc boots {Fly}
Gourm  +         Stasis   .     D - amulet of the gourmand
                                g - ring of regeneration
                                i - +0,+5 ring of slaying

@: hasted, very quick, somewhat resistant to hostile enchantments, extremely
unstealthy
A: retaliatory headbutt, hooves 1, horns 2, herbivore 1
a: Heroism, Finesse, Renounce Religion, Evoke Berserk Rage, Evoke Flight


You were in the Vestibule of Hell.
You worshipped Okawaru.
Okawaru was exalted by your worship.
You were not hungry.

You visited 6 branches of the dungeon, and saw 29 of its levels.
You also visited: Bailey.

You collected 1868 gold pieces.
You spent 695 gold pieces at shops.

Inventory:

Hand weapons
 n - the +5,+8 halberd "Throfygg" (weapon) {venom, +Rage rN+}
   (Okawaru gifted it to you on level 10 of the Dungeon)

   It poisons the flesh of those it strikes.
   It protects you from negative energy.
   It lets you go berserk.
Armour
 b - the +0 cloak of Follow the Leader (worn) {Str+3 Acc+6}
   (Okawaru gifted it to you on level 8 of the Lair of Beasts)

   It affects your strength (+3).
   It affects your accuracy (+6).
 c - the +3 leather armour of Midnight {Str+1 Dex-1 Acc+4}
   (Okawaru gifted it to you on level 2 of the Depths)

   It affects your strength (+1).
   It affects your dexterity (-1).
   It affects your accuracy (+4).
 m - a +0 cap of see invisible
 o - a +2 wizard hat of intelligence (worn)
 C - a +0 shield of protection
 H - the cursed +2 scale mail of an ice cave {Str+1 Dam+4}
   (You found it on level 15 of the Dungeon)

   It affects your strength (+1).
   It affects your damage-dealing abilities (+4).
   It has a curse placed upon it.
 J - a +2 pair of orcish boots of flying (worn)
 M - the +7 plate armour of Etuat (worn) {Dex-3}
   (You found it in a bailey)

   It affects your dexterity (-3).
 T - a +0 pair of gloves (worn)
 Z - a +2 orcish plate armour of cold resistance
Magical devices
 r - a wand of polymorph (11)
 w - a wand of paralysis (9)
 E - a wand of polymorph (0)
 G - a wand of fireball (3)
 N - a wand of cold (7)
 Q - a wand of lightning (5)
 W - a wand of hasting (2) {unknown}
 Y - a wand of random effects (7)
Comestibles
 d - 9 bread rations
 q - 2 meat rations
 V - 3 royal jellies
Scrolls
 e - 3 scrolls of remove curse
 h - a scroll of summoning
 l - 2 scrolls of fog
 s - 5 scrolls of teleportation
 L - 2 scrolls of enchant armour
Jewellery
 g - a ring of regeneration (right hand)
 i - a +0,+5 ring of slaying (left hand)
 k - an uncursed amulet of warding
 u - an uncursed ring of see invisible
 x - an uncursed ring of ice
 z - an uncursed ring of flight
 A - an uncursed ring of protection from magic {unknown}
 D - an amulet of the gourmand (around neck)
 K - a +2 ring of evasion
 O - an uncursed ring of protection from cold {unknown}
 U - an uncursed ring of sustenance
Potions
 a - 3 potions of restore abilities
 f - 3 potions of brilliance {unknown}
 p - a potion of degeneration {unknown}
 t - a potion of might
 v - 2 potions of mutation
 B - 9 potions of curing
 I - 6 potions of heal wounds
 R - a potion of flight
Books
 S - Roxanne's Tome of Clay
   (You took it off Roxanne on level 2 of the Depths)

   Spells                             Type                      Level
   Leda's Liquefaction                Hexes/Earth                  4
   Statue Form                        Transmutation/Earth          6
   Shatter                            Earth                        9
 X - a book of Conjurations

   Spells                             Type                      Level
   Magic Dart                         Conjuration                  1
   Searing Ray                        Conjuration                  2
   Dazzling Spray                     Conjuration/Hexes            3
   Iskenderun's Mystic Blast          Conjuration                  4
   Iskenderun's Battlesphere          Conjuration/Charms           4
   Fulminant Prism                    Conjuration/Hexes            5
Miscellaneous
 j - a stone of tremors
 y - a plain deck of defence


   Skills:
 + Level 16.5 Fighting
 + Level 22.9 Polearms
 + Level 13.3 Armour
 + Level 12.5 Dodging
 - Level 1.0 Stealth
   Level 6.1 Shields
 - Level 1.0 Unarmed Combat
 - Level 2.0 Invocations
 - Level 1.2 Evocations


You had 15 spell levels left.
You didn't know any spells.

Dungeon Overview and Level Annotations

Branches:
Dungeon (16/16)            Temple (0/1) D:6            Lair (8/8) D:8
  Swamp (1/5) Lair:5       Spider (0/5) Lair:5        Slime (1/6) Lair:8
 Vaults (0/5) D:14           Hell (1/1)              Depths (2/6) D:16
    Orc: D:9-12         Dis: Hell:1         Geh: Hell:1         Coc: Hell:1
    Tar: Hell:1

Altars:
Cheibriados
Fedhas
Okawaru
Sif Muna
Yredelemnul
Zin
the Shining One
Jiyva

Shops:
D:3 *   D:4 !   D:5 (   D:6 /   D:8 +   D:11 *!   D:15 }

Portals:
Hell: Depths:1 Depths:2

Annotations:
D:2 angel + servitor
D:3 oklob, exclusion: oklob plant
D:4 beneficial muta
D:11 +7+3 trident
Hell Geryon


Innate Abilities, Weirdness & Mutations

You reflexively headbutt those who attack you in melee.
You have a pair of horns on your head.
You have large cloven feet.
You digest meat inefficiently.


Message History

The hell beast is unaffected.
The reaper is unaffected.
Geryon tail-slaps you but does no damage.
The hell beast bites you but does no damage.
The hell beast barely misses you.
Drink which item? (? for menu, Esc to quit)
You feel yourself speed up.
The hell beast bites you but does no damage.
The hell beast tramples you!
* * * LOW HITPOINT WARNING * * *
You hold your ground!
The hell beast closely misses you.
The hell beast tramples you but does no damage.
The hell beast bites you!
* * * LOW HITPOINT WARNING * * *
The hell beast tramples you.
* * * LOW HITPOINT WARNING * * *
You hold your ground!
Geryon tail-slaps you but does no damage.
The reaper hits you from afar with a runed scythe!
You die...

.#...#. ..... #...#
##...## ##..Z..##
##.......##
##.......2.##
##........22.##
##........&2@..#
.##...............#
.........∩...........§
......................
.....................
##...............##.
##.............##
##...........##
##.........#


You could see Geryon, 3 hell beasts, a reaper and a yaktaur zombie.

Vanquished Creatures
  A tentacled monstrosity (Depths:2)
  A quicksilver dragon (Depths:2)
  Roxanne (Depths:2)
  2 orc warlords (Depths:2)
  A frost giant (Depths:2)
  2 fire giants
  Gastronok (D:13)
  6 stone giants
  2 ettins
  A fire dragon (Depths:2)
  8 hydras
  Harold (D:13)
  Josephine (D:13)
  5 ogre magi
  An alligator (Swamp:1)
  4 tengu warriors
  A rakshasa (D:16)
  4 death yaks (Lair:8)
  A deep troll shaman (Depths:2)
  8 very ugly things
  Urug (D:14)
  5 centaur warriors
  A catoblepas (Lair:8)
  5 hell knights (Depths:2)
  An iron golem (Depths:2)
  2 iron trolls (Depths:2)
  A giant orange brain (D:16)
  A deep elf knight (Depths:2)
  An ice devil (Hell)
  An unseen horror (D:15)
  11 hill giants
  A lindwurm (D:14)
  2 giant amoebae
  Pikel (D:7)
  A wizard (Depths:1)
  2 orc knights
  A necromancer (Depths:2)
  A wolf spider zombie (D:13)
  7 cyclopes
  A griffon (Lair:8)
  An orc sorcerer (Depths:2)
  4 black mambas
  An octopode (shapeshifter) (D:16)
  A queen ant (Lair:7)
  11 spiny frogs
  A feature mimic (Lair:2)
  6 fire drakes
  7 yaktaurs (Depths:2)
  5 trolls
  14 komodo dragons
  A spriggan (shapeshifter) (Depths:1)
  A blue devil (Depths:2)
  4 hell beasts (Hell)
  2 giant leeches (Lair:8)
  A harpy skeleton (D:13)
  A hydra zombie (D:14)
  A queen bee (D:11)
  Prince Ribbit (Lair:2)
  A blink frog (shapeshifter) (Depths:2)
  38 blink frogs
  A baby alligator (shapeshifter) (D:16)
  6 trapdoor spiders
  19 flying skulls (Depths:1)
  A wraith (D:15)
  14 slime creatures
  12 two-headed ogres
  6 basilisks
  2 redbacks (Depths:2)
  39 ugly things
  A hill giant zombie (D:13)
  35 yaks
  2 elephant slugs
  Eustachio (D:6)
  2 metal gargoyles (Depths:2)
  10 hippogriffs
  Grum (D:9)
  A hippogriff (shapeshifter) (Depths:2)
  10 sharks
  A rock worm (D:15)
  3 manticores
  3 wyverns
  A hydra simulacrum (D:13)
  15 vampire mosquitoes
  16 wolves
  2 hungry ghosts
  20 soldier ants (Lair:7)
  A rock worm (shapeshifter) (D:14)
  2 soldier ants (shapeshifter)
  5 swamp worms
  2 necrophages
  8 porcupines
  A freezing wraith (D:14)
  6 sky beasts
  3 mottled dragons
  17 orc warriors
  5 phantoms
  A yellow wasp (D:7)
  3 ice beasts
  A griffon simulacrum (D:16)
  2 tengu
  A slave (D:7)
  14 centaurs
  A boring beetle (Lair:7)
  6 giant goldfish
  19 ogres
  12 crocodiles
  The ghost of cedor the Vexing, an average FoAM (D:3)
  24 giant frogs
  A gnoll sergeant (D:6)
  2 big kobolds
  A warg (Depths:2)
  3 giant slugs
  9 water moccasins
  A manticore zombie (D:14)
  A cyclops zombie (D:10)
  6 agate snails
  A troll zombie (D:13)
  24 killer bees
  13 jellies
  A yak zombie (D:12)
  2 pulsating lumps (shapeshifter)
  A troll skeleton (D:10)
  14 electric eels
  8 jellyfish
  6 wights
  2 yak skeletons (D:13)
  A quasit (D:8)
  8 crimson imps
  16 big fish
  3 scorpions
  2 goliath beetles
  17 hounds
  A centaur zombie (D:9)
  Crazy Yiuf (D:3)
  6 orc priests
  A giant frog skeleton (D:13)
  A black bear skeleton (D:9)
  27 worker ants
  5 iguanas
  11 orc wizards
  A gnoll shaman (D:8)
  2 halflings (D:2)
  43 sheep
  A big kobold zombie (D:14)
  A killer bee zombie (D:12)
  5 boggarts (Depths:2)
  Terence (D:3)
  12 adders
  6 gnolls
  6 giant centipedes
  7 green rats
  5 giant mites
  An inept feature mimic (D:9)
  3 worms
  An adder zombie (D:5)
  A giant centipede zombie (D:15)
  An iguana skeleton (D:5)
  4 giant eyeballs
  11 giant geckos
  9 oozes
  51 orcs
  13 hobgoblins
  22 jackals
  28 kobolds
  6 quokkas
  A ball python (D:6)
  23 bats
  11 giant cockroaches
  4 giant newts
  2 giant spores
  19 goblins
  A hobgoblin skeleton (D:8)
  A hobgoblin zombie (D:7)
  An orc skeleton (D:10)
  2 orc zombies (D:10)
  23 rats
  5 ballistomycetes
  16 fungi (Lair:8)
1106 creatures vanquished.

Vanquished Creatures (collateral kills)
  An alligator (Swamp:1)
  A swamp worm (Swamp:1)
  A jellyfish (Swamp:1)
3 creatures vanquished.

Vanquished Creatures (others)
  A wizard (Depths:2)
  A water moccasin (Swamp:1)
  A halfling (D:2)
  An orc (Depths:2)
  A giant gecko (D:2)
  A giant spore (D:8)
  A bush (D:2)
  8 fungi (Lair:8)
  7 plants
22 creatures vanquished.

Grand Total: 1131 creatures vanquished

Notes
Turn   | Place    | Note
--------------------------------------------------------------
     0 | D:1      | nOtime, the Minotaur Fighter, began the quest for the Orb.
     0 | D:1      | Reached XP level 1. HP: 19/19 MP: 0/0
   250 | D:1      | Reached XP level 2. HP: 23/26 MP: 0/0
   290 | D:1      | Reached skill level 4 in Fighting
   656 | D:1      | Reached XP level 3. HP: 33/33 MP: 1/1
  1432 | D:2      | Reached XP level 4. HP: 40/40 MP: 1/1
  1438 | D:2      | Reached skill level 1 in Dodging
  1720 | D:2      | Found a basalt altar of Yredelemnul.
  1721 | D:2      | Noticed a profane servitor
  1741 | D:2      | Found a glowing golden altar of the Shining One.
  1752 | D:2      | Noticed an angel
  2461 | D:3      | Found a deep blue altar of Sif Muna.
  2469 | D:3      | Noticed cedor's ghost (average FoAM)
  2487 | D:3      | Killed cedor's ghost
  2487 | D:3      | Reached skill level 1 in Stealth
  2487 | D:3      | Reached XP level 5. HP: 35/47 MP: 1/1
  2619 | D:3      | Found an iron altar of Okawaru.
  2638 | D:3      | Became a worshipper of Warmaster Okawaru
  2688 | D:3      | Noticed Crazy Yiuf
  2698 | D:3      | Killed Crazy Yiuf
  2698 | D:3      | Reached skill level 5 in Fighting
  2868 | D:3      | Noticed Terence
  2881 | D:3      | Killed Terence
  2902 | D:3      | Found Zin's Purification Station.
  2903 | D:3      | Found a glowing silver altar of Zin.
  2928 | D:3      | Found a blossoming altar of Fedhas.
  2941 | D:3      | Reached skill level 5 in Armour
  2941 | D:3      | Reached XP level 6. HP: 50/53 MP: 2/2
  2960 | D:3      | Noticed an oklob plant
  3403 | D:4      | Acquired Okawaru's first power
  3471 | D:4      | Found Tryenne's Distillery.
  3479 | D:4      | Bought 2 potions of heal wounds for 60 gold pieces
  3479 | D:4      | Bought a potion of curing for 20 gold pieces
  3479 | D:4      | Bought a potion of heal wounds for 30 gold pieces
  3479 | D:4      | Bought a potion of speed for 55 gold pieces
  3729 | D:4      | Reached skill level 5 in Polearms
  3742 | D:4      | Noticed a necrophage
  3788 | D:4      | Killed a necrophage
  3788 | D:4      | Reached XP level 7. HP: 46/57 MP: 2/2
  3945 | D:5      | Entered Level 5 of the Dungeon
  4079 | D:5      | Reached skill level 5 in Shields
  4099 | D:5      | Reached skill level 6 in Polearms
  4504 | D:5      | Reached XP level 8. HP: 43/67 MP: 2/2
  4519 | D:5      | Found Psaezuc's Weapon Shop.
  4887 | D:6      | Found Xaceann's Magical Wand Shoppe.
  4976 | D:6      | Reached skill level 7 in Polearms
  5091 | D:6      | Found a staircase to the Ecumenical Temple.
  5104 | D:6      | Noticed Eustachio
  5119 | D:6      | Killed Eustachio
  5119 | D:6      | Reached skill level 5 in Dodging
  5295 | D:6      | Reached skill level 8 in Polearms
  5463 | D:6      | Reached XP level 9. HP: 71/73 MP: 3/3
  5978 | D:7      | Found a snail-covered altar of Cheibriados.
  6139 | D:8      | Reached skill level 9 in Polearms
  6160 | D:8      | Noticed Pikel
  6165 | D:7      | Reached skill level 1 in Invocations
  6744 | D:8      | Found a staircase to the Lair.
  6773 | D:8      | Reached skill level 10 in Polearms
  7286 | D:8      | Paralysed by a kobold for 6 turns
  7308 | D:8      | Found a viscous altar of Jiyva.
  7430 | D:8      | Found Aqolaepp's Book Shop.
  7433 | D:8      | Paralysed by a giant eyeball for 3 turns
  7458 | D:8      | Reached XP level 10. HP: 69/82 MP: 5/5
  8020 | D:8      | Reached skill level 11 in Polearms
  8644 | D:9      | Noticed Grum
  8666 | D:9      | Killed Grum
  8668 | D:9      | Reached skill level 1 in Evocations
  8670 | D:9      | Acquired Okawaru's second power
  9225 | D:9      | Reached skill level 12 in Polearms
  9355 | D:10     | Entered Level 10 of the Dungeon
  9863 | D:10     | Noticed a hill giant
  9897 | D:10     | Killed a hill giant
  9897 | D:10     | Received a gift from Okawaru
  9897 | D:10     | Reached XP level 11. HP: 91/91 MP: 4/6
  9898 | D:10     | Got a dazzling halberd {god gift}
  9901 | D:10     | Identified the +5,+8 halberd "Throfygg" {venom, +Rage rN+} (Okawaru gifted it to you on level 10 of the Dungeon)
  9901 | D:10     | Identified the +5,+8 halberd "Throfygg" {venom, +Rage rN+} (Okawaru gifted it to you on level 10 of the Dungeon)
 10047 | D:10     | Reached skill level 13 in Polearms
 10145 | D:10     | Got a smoking bronze ring
 10148 | D:10     | Identified the ring "Ezaiza" {+Inv Stlth+} (You found it on level 10 of the Dungeon)
 11255 | D:11     | Found Maiteapn's Distillery.
 11262 | D:11     | Bought a potion of speed for 66 gold pieces
 11262 | D:11     | Bought a potion of curing for 24 gold pieces
 11262 | D:11     | Bought a potion of restore abilities for 36 gold pieces
 11262 | D:11     | Bought a potion of curing for 24 gold pieces
 11262 | D:11     | Bought a potion of agility for 30 gold pieces
 11289 | D:11     | Noticed a hill giant
 11301 | D:11     | Killed a hill giant
 11435 | D:11     | Found Klotzuff's General Store.
 11665 | D:12     | Received a gift from Okawaru
 11665 | D:12     | Reached skill level 14 in Polearms
 12180 | D:7      | Killed Pikel
 12286 | D:4      | Bought a potion of beneficial mutation for 350 gold pieces
 12288 | D:4      | Gained mutation: You have large cloven feet. [potion of beneficial mutation]
 12412 | Lair:1   | Entered Level 1 of the Lair of Beasts
 12814 | Lair:1   | Reached skill level 15 in Polearms
 12856 | Lair:1   | Received a gift from Okawaru
 13082 | Lair:2   | Reached XP level 12. HP: 90/101 MP: 7/7
 13225 | Lair:2   | Paralysed by a potion of paralysis for 3 turns
 13347 | Lair:2   | Noticed Prince Ribbit
 13351 | Lair:2   | Killed Prince Ribbit
 13437 | Lair:2   | Reached skill level 10 in Fighting
 13472 | Lair:2   | Reached skill level 16 in Polearms
 14820 | Lair:4   | Received a gift from Okawaru
 14820 | Lair:4   | Reached skill level 10 in Armour
 15097 | Lair:5   | Found a hole to the Spider Nest.
 15828 | Lair:5   | Found a staircase to the Swamp.
 15935 | Lair:5   | Reached skill level 17 in Polearms
 15937 | Swamp:1  | Entered Level 1 of the Swamp
 15945 | Swamp:1  | Received a gift from Okawaru
 16032 | Swamp:1  | Reached skill level 10 in Dodging
 16598 | Lair:6   | Noticed an eight-headed hydra
 16607 | Lair:6   | Killed a 13-headed hydra
 16607 | Lair:6   | Reached XP level 13. HP: 85/111 MP: 7/7
 17283 | Lair:7   | Received a gift from Okawaru
 17722 | Lair:7   | Got a transparent turquoise ring
 17723 | Lair:7   | Identified the ring of Suspicion {Ice Str+1 Dex+3 Curse} (You found it on level 7 of the Lair of Beasts)
 18359 | Lair:7   | Reached skill level 18 in Polearms
 18552 | Lair:8   | Entered Level 8 of the Lair of Beasts
 18657 | Lair:8   | Received a gift from Okawaru
 19626 | Lair:8   | Reached XP level 14. HP: 95/122 MP: 6/8
 20191 | Lair:8   | Got a jewelled sling
 20229 | Lair:8   | Identified the cursed -1,+7 sling of Instinct {frost, Hunger +Fly rElec rN+} (You found it on level 8 of the Lair of Beasts)
 20281 | Lair:8   | Found a staircase to the Slime Pits.
 20286 | Lair:8   | Received a gift from Okawaru
 20292 | Lair:8   | Got a bloodstained cloak {god gift}
 20293 | Lair:8   | Identified the +0 cloak of Follow the Leader {Str+3 Acc+6} (Okawaru gifted it to you on level 8 of the Lair of Beasts)
 20505 | Lair:8   | Reached skill level 19 in Polearms
 20727 | Slime:1  | Entered Level 1 of the Pits of Slime
 20728 | Slime:1  | Noticed an acid blob
 20961 | D:8      | Gained mutation: You evolve. [potion of mutation]
 20961 | D:8      | Gained mutation: Your flesh is cold resistant. [potion of mutation]
 21501 | D:13     | Noticed Gastronok
 21509 | D:13     | Killed Gastronok
 21533 | D:13     | Noticed Josephine
 21555 | D:13     | Killed Josephine
 21595 | D:13     | Noticed Harold
 21603 | D:13     | Killed Harold
 21892 | D:13     | Lost mutation: Your flesh is cold resistant. [evolution]
 21939 | D:14     | Received a gift from Okawaru
 21964 | D:14     | Got a jewelled plate armour {god gift}
 21978 | D:14     | Identified the +0 plate armour "Pseufy" {rN+} (Okawaru gifted it to you on level 14 of the Dungeon)
 21996 | D:14     | Noticed Urug
 22008 | D:14     | Killed Urug
 22091 | D:14     | Found a flagged portal.
 22127 | Bailey   | Entered a bailey
 22521 | Bailey   | Got a distressingly furry plate armour
 22522 | Bailey   | Identified the cursed +7 plate armour of Etuat {Dex-3} (You found it in a bailey)
 22662 | D:14     | Found a gate to the Vaults.
 22804 | D:14     | Reached skill level 20 in Polearms
 22978 | D:15     | Entered Level 15 of the Dungeon
 23081 | D:15     | Found Vywk's Gadget Shop.
 23088 | D:15     | Got a slimy scale mail
 23104 | D:15     | Identified the cursed +2 scale mail of an ice cave {Str+1 Dam+4} (You found it on level 15 of the Dungeon)
 23118 | D:15     | Reached XP level 15. HP: 126/132 MP: 10/10
 23736 | D:16     | Entered Level 16 of the Dungeon
 23827 | D:16     | Received a gift from Okawaru
 23829 | D:16     | Got a pitted glaive {god gift}
 23832 | D:16     | Identified the +2,+1 glaive of Curses {chop, rC+} (Okawaru gifted it to you on level 16 of the Dungeon)
 24032 | D:16     | Found a staircase to the Depths.
 24040 | Depths:1 | Entered Level 1 of the Depths
 24158 | Depths:1 | Reached skill level 21 in Polearms
 24187 | Depths:1 | Received a gift from Okawaru
 24292 | Depths:1 | Reached skill level 15 in Fighting
 24359 | Depths:1 | Found a gateway to Hell.
 25220 | Depths:2 | Gained mutation: You digest meat inefficiently. [evolution]
 25220 | Depths:2 | Lost mutation: You evolve. [end of evolution]
 25387 | Depths:2 | Paralysed by a giant eyeball for 2 turns
 25410 | Depths:2 | Paralysed by a giant eyeball for 2 turns
 25425 | Depths:2 | Paralysed by a giant eyeball for 4 turns
 25443 | Depths:2 | Reached XP level 16. HP: 51/138 MP: 8/10
 25491 | Depths:2 | Paralysed by a giant eyeball for 2 turns
 25634 | Depths:2 | Received a gift from Okawaru
 25642 | Depths:2 | Got a brightly glowing leather armour {god gift}
 25669 | Depths:2 | Identified the +3 leather armour of Midnight {Str+1 Dex-1 Acc+4} (Okawaru gifted it to you on level 2 of the Depths)
 25699 | Depths:2 | Reached skill level 22 in Polearms
 25732 | Depths:2 | Noticed Roxanne
 25757 | Depths:2 | Killed Roxanne
 25760 | Depths:2 | Identified Roxanne's Tome of Clay (You took it off Roxanne on level 2 of the Depths)
 25995 | Depths:2 | Found an iron altar of Okawaru.
 25997 | Depths:2 | Paralysed by a giant eyeball for 4 turns
 26385 | Depths:2 | Noticed a quicksilver dragon
 26401 | Depths:2 | Killed a quicksilver dragon
 26422 | Depths:2 | Noticed a tentacled monstrosity
 26441 | Depths:2 | Killed a tentacled monstrosity
 26598 | Depths:2 | Received a gift from Okawaru
 26953 | Hell     | Entered the Vestibule of Hell
 26953 | Hell     | Noticed Geryon
 27070 | Depths:2 | Reached skill level 1 in Unarmed Combat
 27278 | Hell     | Mangled by a reaper

Action                   |  1- 3 |  4- 6 |  7- 9 | 10-12 | 13-15 | 16-18 || total
-------------------------+-------+-------+-------+-------+-------+-------++-------
Melee: Trident           |   166 |   200 |   302 |       |       |       ||   668
       Quarterstaff      |       |     4 |       |       |       |       ||     4
       Halberd           |       |       |   142 |  1013 |  1429 |   299 ||  2883
       Unarmed           |       |       |       |       |       |    13 ||    13
Invok: Heroism           |       |       |     8 |     5 |    11 |     3 ||    27
       Finesse           |       |       |       |       |     4 |     2 ||     6
 Abil: Evoke Berserk Rag |       |       |       |       |     2 |       ||     2
Evoke: Wand              |       |       |     8 |     2 |     4 |       ||    14
  Use: Scroll            |       |     5 |     6 |    20 |    19 |     1 ||    51
       Potion            |       |       |     9 |    11 |    12 |     3 ||    35
 Stab: Distracted        |     1 |       |       |       |     1 |     1 ||     3
       Fleeing           |       |       |       |       |     1 |     1 ||     2
